 Dungeon Crawl Stone Soup version 0.30-a0-996-ga6910c8ee8 (webtiles) character file.

Game seed: 5502639981742538549

55 ytrimaz the Shield-Bearer (level 4, -2/35 HPs)
             Began as a Formicid Fighter on Apr 5, 2023.
             Slain by a gnoll
             ... wielding a +0 whip
              (4 damage)
             ... on level 2 of the Dungeon.
             The game lasted 00:01:04 (1311 turns).

ytrimaz the Shield-Bearer (Formicid Fighter)        Turns: 1311, Time: 00:01:05

Health: -2/35      AC:  6    Str: 22    XL:     4   Next: 14%
Magic:  4/4        EV:  9    Int:  8    God:
Gold:   97         SH:  5    Dex: 13    Spells: 3/3 levels left

rFire   + . .      SeeInvis +    a - +0 war axe
rCold   + . .      Faith    .    c - +0 buckler
rNeg    . . .      Spirit   .    b - +0 scale mail
rPois   +          Reflect  .    (helmet unavailable)
rElec   +          Rampage  .    (no cloak)
rCorr   +                        (no gloves)
Will    .....                    (no boots) Stlth
                                 (no amulet)
HPRegen 0.25/turn                (no ring)
MPRegen 0.09/turn                (no ring)

@: resistant
A: permanent stasis, dig shafts and tunnels, antennae 3, four strong arms
a: Dig, Shaft Self


You were on level 2 of the Dungeon.
You visited 1 branch of the dungeon, and saw 2 of its levels.

You collected 97 gold pieces.


Innate Abilities, Weirdness & Mutations

You cannot be hasted, slowed, berserked, paralysed or teleported.
You can dig through walls and to a lower floor.
You have a pair of large antennae on your head. (SInv)
Your four strong arms can wield two-handed weapons with a shield.


   Skills:
 - Level 3.2 Fighting
 * Level 3.3 Axes
 - Level 3.2 Armour
 + Level 5.1 Shields


You had 3 spell levels left.
You didn't know any spells.
Your spell library was empty.

Inventory:

Hand Weapons
 a - a +0 war axe (weapon)
Missiles
 j - a throwing net
Armour
 b - a +0 scale mail (worn)
 c - a +0 buckler (worn)
Scrolls
 e - a scroll of vulnerability {unknown}
 f - a scroll of poison {unknown}
 g - a scroll of enchant armour {unknown}
 i - a scroll of identify {unknown}
 m - a scroll of enchant weapon {unknown}
Potions
 d - a potion of might
 k - a potion of magic {unknown}
 l - a potion of heal wounds {unknown}
 n - a potion of curing {unknown}

Dungeon Overview and Level Annotations

Branches:
Dungeon (2/15) Zot: 10657

Altars:

Shops:
D:2

* ######.### #.#
.(.).....# #.#
######.#.# #.#
#.#.# #.# #.#.# #.#
#.#.# #.# #.#.#
#.###
#.#.###...#######
#.#........@g...#
#.#..####.g.g..(...
#.#. #.#####.###
#.# #.# # #.# #.#
..# ..# ### #.# #.


You could see 3 gnolls.


Message History

You barely miss the adder. The adder misses you. The adder barely misses you.
You slash the adder! The adder bites you. The adder barely misses you. 😕 HP[-2]
You take 2 damage, and now have 27/29 hp.
You hit the adder.
You kill the adder!
The hobgoblin hits you but does no damage.
You have reached level 4!
You feel clever. 😕 HP[+6] MP[+1]
You now have 35 max hp (+6).
You regained 6 hp, and now have 33/35 hp.
Your mp is fully restored (4).
You hit the hobgoblin. The hobgoblin closely misses you.
You hit the hobgoblin but do no damage. The hobgoblin barely misses you.
Unknown command.
You closely miss the hobgoblin. The hobgoblin hits you.
The hobgoblin hits you but does no damage. 😕 HP[-1]
You take 1 damage, and now have 32/35 hp.
You closely miss the hobgoblin.
The hobgoblin hits you but does no damage.
A hobgoblin is nearby!
You hit the hobgoblin but do no damage.
The hobgoblin hits you but does no damage.
You hit the hobgoblin.
You kill the hobgoblin! 😕 HP[+1] Unknown command.
You see here an adder corpse.
No target in view!
Found an escape hatch in the floor. 😎 HP[+2]
Your hp is fully restored (35).
There is an escape hatch in the floor here.
You sense a monster nearby.
A quokka skeleton comes into view.
A quokka skeleton is nearby!
A quokka skeleton is nearby!
No reachable target in view!
No reachable target in view!
No reachable target in view!
You see here 4 stones.
Unknown command.
You slash the quokka skeleton!
You destroy the quokka skeleton!
No target in view!
Press: ? - help, v - describe, . - travel A gravestone.
You now have 97 gold pieces (gained 17).
Key pressed, stopping explore.
A quokka skeleton comes into view.
A quokka skeleton is nearby!
A quokka skeleton is nearby!
The quokka skeleton closely misses you.
You barely miss the quokka skeleton. The quokka skeleton barely misses you.
You slash the quokka skeleton!
You destroy the quokka skeleton!
Unknown command.
No target in view!
n - a red potion A gnoll comes into view.
It is wielding a +0 whip.
A gnoll is nearby!
A gnoll is nearby! 2 gnolls come into view.
The gnoll shouts!
The gnoll hits you with a +0 whip. 😕 HP[-2]
You take 2 damage, and now have 33/35 hp.
You barely miss the gnoll. The gnoll barely misses you.
The gnoll hits you but does no damage.
You slash the gnoll!
The gnoll hits you from afar with a +0 halberd.
The gnoll barely misses you. The gnoll hits you with a +0 whip.
The gnoll barely misses you. x2; You block the gnoll's attack. 😕 HP[-4]
You take 4 damage, and now have 29/35 hp.
Unknown command.
You barely miss the gnoll. The gnoll completely misses you.
The gnoll closely misses you.
The gnoll hits you but does no damage. 😕 HP[+1]
The gnoll hits you with a +0 halberd! The gnoll hits you with a +0 whip.
* * * LOW HITPOINT WARNING * * *
The gnoll hits you with a +0 halberd!
* * * LOW HITPOINT WARNING * * *
😱 HP[-22]
You take 22 damage, and now have 8/35 hp.
MASSIVE DAMAGE!! (PAUSE)
You are too injured to fight recklessly!
You completely miss the gnoll. You hit the gnoll but do no damage.
You slash the gnoll! The gnoll hits you with a +0 halberd.
* * * LOW HITPOINT WARNING * * *
You block the gnoll's attack. x2 😱 HP[-6]
You take 6 damage, and now have 2/35 hp.
You are too injured to fight recklessly!
It was a potion of resistance.
You feel protected. The gnoll hits you with a +0 whip.
You die...

Skill      XL: |  1  2  3 |
---------------+----------+-----
Axes           | 3 |  3.3
Shields        | 5 |  5.1
Fighting       | |  3.2
Armour         | |  3.2

Action                     |  1- 3 |  4- 6 || total
---------------------------+-------+-------++-------
  Melee: War axe           |    64 |    13 ||    77
    Use: Potion            |       |     1 ||     1
 Armour: Scale mail        |    31 |     5 ||    36
  Dodge: Dodged            |    36 |    10 ||    46
  Block: Buckler           |    15 |     3 ||    18

Levels and vault maps discovered:
D:1:      denvon_arrival_planthouse, layout_basic
D:2:      layout_loops_ring, serial_shops, nicolae_shop_waterfront,
          serial_undead, serial_undead_d, serial_undead_c, serial_undead_d,
          serial_undead_c, serial_undead_b

Notes
Turn   | Place    | Note
-------+----------+-------------------------------------------
     0 | D:1      | ytrimaz the Formicid Fighter began the quest for the Orb.
     0 | D:1      | Reached XP level 1. HP: 18/18 MP: 1/1
     0 | D:1      | magus.rc [v1.9.6]
    71 | D:1      | Reached XP level 2. HP: 24/24 MP: 2/2
   184 | D:1      | HP: 2/24 [frozen (5)]
   482 | D:1      | Reached XP level 3. HP: 26/29 MP: 3/3
   971 | D:2      | Reached skill level 3 in Axes
  1146 | D:2      | Reached skill level 5 in Shields
  1189 | D:2      | Found Karchan's General Store.
  1198 | D:2      | Reached XP level 4. HP: 33/35 MP: 4/4
  1309 | D:2      | HP: 8/35 [gnoll/+0 halberd (8)]
  1310 | D:2      | HP: 2/35 [gnoll/+0 halberd (6)]
  1311 | D:2      | Slain by a gnoll

Vanquished Creatures
  2 adders (D:2)
  An adder skeleton (D:2)
  2 dart slugs
  2 bats (D:1)
  3 endoplasms
  A giant cockroach (D:1)
  5 hobgoblins
  2 kobolds (D:1)
  3 ball pythons (D:1)
  A frilled lizard (D:1)
  3 goblins
  2 quokka skeletons (D:2)
  3 rats (D:1)
30 creatures vanquished.

Table legend:
 A = Non-vault XP
 B = Vault XP
 C = Vault XP percentage of total XP
 D = Non-vault monster count
 E = Vault monster count
 F = Vault count percentage of total count
                 A         B        C        D         E       F
            +---------+---------+-------+---------+---------+-------
      Total |      72 |       7 |   8.9 |      27 |       3 |  10.0
            +---------+---------+-------+---------+---------+-------
        D:1 |      35 |       0 |   0.0 |      21 |       0 |   0.0
        D:2 |      37 |       7 |  15.9 |       6 |       3 |  33.3
            +---------+---------+-------+---------+---------+-------

Illustrated notes

Table legend:
 A = Kills in this place as a percentage of kills in the entire game.
 B = Kills by you in this place as a percentage of kills by you in the entire game.
 C = Kills by friends in this place as a percentage of kills by friends in the entire game.
 D = Other kills in this place as a percentage of other kills in the entire game.
 E = Experience gained in this place as a percentage of experience gained in the entire game.
 F = Experience gained in this place divided by the number of levels of this place that you have seen.
                   A       B       C       D       E      F
               +-------+-------+-------+-------+-------+----------------------
         Total | 100.0 | 100.0 |   N/A |   N/A | 100.0 |  39.5
       Dungeon | 100.0 | 100.0 |   N/A |   N/A | 100.0 |  39.5
               +-------+-------+-------+-------+-------+----------------------

Table legend: (Time is in decaauts)
 A = Elapsed time spent in this place.
 B = Non-inter-level travel time spent in this place.
 C = Inter-level travel time spent in this place.
 D = Time resting spent in this place.
 E = Time spent auto-exploring this place.
 F = Levels seen in this place.
 G = Mean time per level.
                   A        B        C        D        E       F      G
               +--------+--------+--------+--------+--------+-----+--------+
         Total |   1341 |   1315 |     26 |      0 |   1078 |   2 |  670.5 |
       Dungeon |   1341 |   1315 |     26 |      0 |   1078 |   2 |  670.5 |
               +--------+--------+--------+--------+--------+-----+--------+

Top non-repeatable levels by time:
     D:1: 863 daAuts
     D:2: 477 daAuts
